 Dungeon Crawl Stone Soup version bcrawl-1.13-1-g4ae1fcee6e (webtiles) character file.

Game seed: 7912685655609554731

28 Camlann the Sneak (level 3, 5/29 HPs)
             Began as a Demonspawn Archaeologist on July 29, 2019.
             Quit the game on level 2 of the Dungeon.
             The game lasted 00:01:46 (856 turns).

Camlann the Sneak (Demonspawn Archaeologist)         Turns: 856, Time: 00:01:46

Health: 5/29       AC:  6    Str: 12    XL:     3   Next: 0%
Magic:  3/3        EV: 12    Int: 15    God:
Gold:   59         SH:  0    Dex: 11    Spells: 2/2 levels left

rFire    . . .     SeeInvis .   h - +3 dagger
rCold    . . .     Gourm    .   (no shield)
rNeg     . . .     Faith    .   b - +1 robe
rPois    .         Spirit   .   c - +1 hat
rElec    .         Reflect  .   (no cloak)
rCorr    .         Harm     .   (no gloves)
MR       .....                  d - +1 pair of boots
Stlth    ++........             (no amulet)
HPRegen  0.09/turn              a - +1 ring of slaying
MPRegen  0.08/turn              (no ring)

@: studying Evocations
A: demonic guardian 1, spiny 1
a: no special abilities


You were on level 2 of the Dungeon.
You were not hungry.

You visited 1 branch of the dungeon, and saw 2 of its levels.

You collected 59 gold pieces.


Innate Abilities, Weirdness & Mutations

A weak demonic guardian rushes to your aid.
You are partially covered in sharp spines.


   Skills:
 + Level 3.0 Fighting
   Level 0.8 Maces & Flails
 - Level 2.6 Dodging
 - Level 3.0 Stealth


You had 2 spell levels left.
You didn't know any spells.
Your spell library was empty.

Dungeon Overview and Level Annotations

Branches:
Dungeon (2/12)

Altars:

Inventory:

Hand Weapons
 h - a +3 dagger (weapon)
   (You found it on level 1 of the Dungeon)
Armour
 b - a +1 robe (worn)
 c - a +1 hat (worn)
 d - a +1 pair of boots (worn)
Jewellery
 a - a +1 ring of slaying (left hand)
   (You found it on level 1 of the Dungeon)
Scrolls
 i - 2 scrolls of identify
Books
 e - a manual of Evocations
Miscellaneous
 f - an ancient crate
Comestibles
 g - a ration {!d}

....# #......# ##
#......# ...
......#
##.###....#
.....#....####
.....#...hh...
....h.....########
...>.#...hhho.o56#
.....#.###########
##.###.. ... ..##
.. ##.. # #.# #.#
#.#


You could see 2 orcs, 3 jackals and a friendly white imp.


Message History

* * * LOW HITPOINT WARNING * * *
Things that are here:
a +0 hand axe; an orc corpse The jackal barks!
You hit the hobgoblin.
The hobgoblin is heavily wounded.
The hobgoblin misses you.
You barely miss the hobgoblin.
The hobgoblin is heavily wounded.
The hobgoblin hits you.
* * * LOW HITPOINT WARNING * * *
You barely miss the hobgoblin.
The hobgoblin is heavily wounded.
A jackal comes into view.
The hobgoblin barely misses you.
You closely miss the hobgoblin.
The hobgoblin is heavily wounded.
A jackal comes into view.
The hobgoblin closely misses you.
The jackal barks!
You hit the hobgoblin.
You kill the hobgoblin!
The jackal bites you but does no damage.
You puncture the jackal!
You kill the jackal!
The leopard gecko bites you but does no damage.
You hit the leopard gecko.
The leopard gecko is almost dead.
The leopard gecko bites you but does no damage.
You swap places.
A jackal comes into view.
The leopard gecko bites your white imp.
Your white imp completely misses the leopard gecko.
There is a stone staircase leading up here.
The leopard gecko barely misses your white imp.
Your white imp hits the leopard gecko.
The leopard gecko dies!
Your Fighting skill increases to level 3!
The jackal bites your white imp but does no damage.
Your white imp barely misses the jackal.
The jackal bites your white imp but does no damage.
Your white imp closely misses the jackal.
The jackal barely misses your white imp.
The jackal misses your white imp.
Your white imp barely misses the jackal.
The jackal completely misses your white imp.
Your white imp barely misses the jackal.
The jackal barely misses your white imp.
Your white imp gestures at the jackal.
The puff of frost hits the jackal.
All of the chunks of flesh in your inventory have rotted away.
The jackal barely misses your white imp.
The jackal bites your white imp.
Your white imp barely misses the jackal.
The jackal bites your white imp.
Your white imp closely misses the jackal.
The jackal bites your white imp.
The jackal bites your white imp but does no damage.
Your white imp gestures at the jackal.
The puff of frost hits the jackal.
The jackal dies!
You have reached level 3!
Your experience leads to an increase in your attributes!
Increase (S)trength, (I)ntelligence, or (D)exterity?
You feel stronger.
Your demonic ancestry asserts itself...
Sharp spines emerge from parts of your body.
You have an epiphany!
The dusty tome is a manual of Evocations!
Reading it may be key to unlocking the crate...
Are you sure you want to abandon this character and quit the game? (Confirm with "yes".)
Okay, then.
Are you sure you want to abandon this character and quit the game? (Confirm with "yes".)

Action                   || total
-------------------------++-------
Melee: Whip              ||     9
       Dagger            ||    31
  Use: Potion            ||     4
       Scroll            ||     3
 Stab: Sleeping          ||     3
Armor: Robe              ||    20
Dodge: Dodged            ||    27

Levels and vault maps discovered:
D:1:      lightli_arrival_quake, layout_loops_corners
D:2:      minmay_razor_zed, layout_basic, minmay_misc_feat_tiny, st_stairs_3,
          hangedman_decor_diamond_cutter

Notes
Turn   | Place    | Note
-------+----------+-------------------------------------------
     0 | D:1      | Camlann the Demonspawn Archaeologist began the quest for
                  | the Orb.
     0 | D:1      | Reached XP level 1. HP: 15/15 MP: 1/1
   432 | D:1      | Reached skill level 2 in Fighting
   624 | D:1      | Gained mutation: A weak demonic guardian rushes to your
                  | aid. [demonic ancestry]
   624 | D:1      | Reached XP level 2. HP: 22/22 MP: 2/2
   838 | D:2      | HP: 4/23 [hobgoblin (2)]
   847 | D:2      | Reached skill level 3 in Fighting
   855 | D:2      | Gained mutation: You are partially covered in sharp spines.
                  | [demonic ancestry]
   855 | D:2      | Reached XP level 3. HP: 5/29 MP: 3/3
   856 | D:2      | Quit the game

Vanquished Creatures
  2 oozes (D:2)
  A leopard gecko (D:1)
  An orc (D:2)
  2 bats (D:1)
  A goblin (D:1)
  2 hobgoblins
  A jackal (D:2)
  A quokka (D:1)
  A frilled lizard (D:1)
  3 rats (D:1)
15 creatures vanquished.

Vanquished Creatures (collateral kills)
  A leopard gecko (D:2)
  A jackal (D:2)
2 creatures vanquished.

Grand Total: 17 creatures vanquished
